General information
- name: BNet
- type: Ladder 1vs1/FFA
- host: Battle.net
- saver: BEAR_AND
map: MeltingValley
- players: 2
- length: 132:30
- speed: Fast
- version: 1.27 W3XP
- replay type:

» download(378 KB)
Players
team 1 (loser)
nickseitzer (
blue | 39 APM | 5188 actions | 132:29)
8 Demon Hunter
3 Immolation
3 Evasion
1 Mana Burn
1 Metamorphosis
» actions
| Assign group hotkey | 37 | |
| Build / train | 201 | |
| Enter build submenu | 33 | |
| Enter hero's abilities submenu | 8 | |
| Give item / drop item | 8 | |
| Right click | 3293 | |
| Select / deselect | 1238 | |
| Select group hotkey | 53 | |
| Use ability | 317 | |
5188 total
» units
| Wisp | 24 | |
| Archer | 20 | |
| Hippogryph | 10 | |
| Forest Troll Shadow Priest | 2 | |
| Ogre Mauler | 1 | |
| Mud Golem | 1 | |
| Forest Troll Berserker | 1 | |
| Dryad | 18 | |
| Druid of the Claw | 9 | |
| Glaive Thrower | 8 | |
| Druid of the Talon | 47 | |
141 total
» upgrades
| Improved Bows | 1 | |
| Hippogryph Taming | 1 | |
| Moon Armor | 3 | |
| Reinforced Hides | 2 | |
| Strength of the Wild | 2 | |
| Well Spring | 1 | |
| Ultravision | 1 | |
| Marksmanship | 1 | |
| Strength of the Moon | 1 | |
| Abolish Magic | 1 | |
| Druid of the Claw Training | 2 | |
| Mark of the Claw | 1 | |
| Vorpal Blades | 1 | |
| Druid of the Talon Training | 2 | |
20 total
» buildings
| Altar of Elders | 1 | |
| Moon Well | 8 | |
| Ancient of War | 1 | |
| Tree of Ages | 1 | |
| Hunter's Hall | 1 | |
| Ancient of Wind | 1 | |
| Tree of Eternity | 1 | |
| Ancient of Lore | 1 | |
| Tree of Life | 2 | |
| Ancient Protector | 15 | |
32 total
» build order
00:03 Altar of Elders
00:04 Moon Well
00:54 Ancient of War
01:18 Moon Well
01:48 Moon Well
02:51 Moon Well
03:33 Tree of Ages
04:00 Moon Well
05:47 Hunter's Hall
06:02 Ancient of Wind
06:46 Tree of Eternity
13:48 Ancient of Lore
22:22 Tree of Life
26:10 Ancient Protector
37:28 Moon Well
37:29 Moon Well
37:30 Moon Well
53:30 Tree of Life
59:04 Ancient Protector
59:08 Ancient Protector
59:11 Ancient Protector
59:12 Ancient Protector
59:13 Ancient Protector
101:21 Ancient Protector
101:22 Ancient Protector
101:24 Ancient Protector
101:30 Ancient Protector
101:33 Ancient Protector
101:35 Ancient Protector
101:35 Ancient Protector
102:01 Ancient Protector
102:03 Ancient Protector
» items
| Scroll of Town Portal | 6 | |
| Potion of Lesser Invulnerability | 10 | |
| Scroll of Healing | 6 | |
| Potion of Invisibility | 2 | |
| Scroll of Protection | 1 | |
| Periapt of Vitality | 1 | |
26 total
team 2 (winner)
BEAR_AND (
green | 87 APM | 11471 actions | 132:30)
8 Archmage
2 Summon Water Elemental
2 Brilliance Aura
3 Blizzard
1 Mass Teleport
6 Mountain King
3 Storm Bolt
2 Bash
1 Avatar
6 Paladin
3 Holy Light
3 Divine Shield
» actions
| Assign group hotkey | 61 | |
| Basic commands | 104 | |
| Build / train | 194 | |
| ESC pressed | 1 | |
| Enter build submenu | 56 | |
| Enter hero's abilities submenu | 23 | |
| Give item / drop item | 11 | |
| Remove unit from queue | 14 | |
| Right click | 6313 | |
| Select / deselect | 1839 | |
| Select group hotkey | 1900 | |
| Use ability | 955 | |
11471 total
» units
| Peasant | 16 | |
| Dragonhawk Rider | 8 | |
| Sorceress | 1 | |
25 total
» upgrades
| Masonry | 3 | |
| Magic Sentry | 1 | |
| Cloud | 1 | |
| Lumber Harvesting | 2 | |
| Priest Training | 2 | |
| Sorceress Training | 2 | |
| Animal War Training | 1 | |
| Swords | 3 | |
| Armor | 3 | |
| Storm Hammers | 1 | |
| Gunpowder | 3 | |
| Fragmentation Shards | 1 | |
| Flare | 1 | |
| Plating | 0 | |
24 total
» buildings
| Altar of Kings | 1 | |
| Farm | 9 | |
| Lumber Mill | 1 | |
| Arcane Vault | 1 | |
| Scout Tower | 158 | |
| Arcane Tower | 12 | |
| Guard Tower | 63 | |
| Keep | 2 | |
| Castle | 3 | |
| Arcane Sanctum | 1 | |
| Gryphon Aviary | 2 | |
| Town Hall | 2 | |
| Barracks | 1 | |
| Blacksmith | 1 | |
| Workshop | 1 | |
258 total
» build order
00:12 Altar of Kings
00:19 Farm
00:23 Farm
00:37 Lumber Mill
00:59 Farm
01:09 Arcane Vault
01:24 Scout Tower
01:25 Scout Tower
02:01 Arcane Tower
02:01 Arcane Tower
02:03 Scout Tower
02:52 Guard Tower
02:54 Scout Tower
02:55 Scout Tower
02:55 Scout Tower
03:48 Guard Tower
04:04 Keep
04:04 Keep
04:09 Scout Tower
04:10 Scout Tower
04:45 Guard Tower
04:48 Farm
05:13 Guard Tower
05:45 Scout Tower
05:49 Scout Tower
05:49 Scout Tower
06:42 Guard Tower
07:23 Guard Tower
07:24 Castle
07:24 Castle
07:25 Castle
07:26 Scout Tower
07:26 Scout Tower
08:05 Guard Tower
08:10 Farm
08:11 Farm
08:12 Farm
08:35 Arcane Sanctum
10:07 Guard Tower
10:10 Gryphon Aviary
11:13 Town Hall
11:18 Scout Tower
11:19 Scout Tower
11:21 Scout Tower
11:22 Scout Tower
11:22 Scout Tower
11:25 Scout Tower
11:26 Scout Tower
11:27 Scout Tower
11:27 Scout Tower
11:28 Scout Tower
11:28 Scout Tower
11:29 Scout Tower
11:30 Scout Tower
11:31 Scout Tower
11:45 Arcane Tower
11:50 Guard Tower
12:22 Guard Tower
12:25 Guard Tower
12:25 Guard Tower
12:25 Guard Tower
13:11 Scout Tower
13:12 Scout Tower
14:11 Guard Tower
14:12 Guard Tower
14:15 Scout Tower
14:16 Scout Tower
14:17 Scout Tower
14:17 Scout Tower
14:48 Guard Tower
14:52 Guard Tower
14:53 Guard Tower
14:53 Guard Tower
16:12 Guard Tower
16:41 Scout Tower
16:42 Scout Tower
16:42 Scout Tower
16:43 Scout Tower
16:44 Scout Tower
16:44 Scout Tower
16:45 Scout Tower
16:45 Scout Tower
16:45 Scout Tower
16:46 Scout Tower
18:18 Guard Tower
18:20 Scout Tower
18:20 Scout Tower
18:22 Scout Tower
18:23 Scout Tower
18:23 Scout Tower
18:24 Scout Tower
18:24 Scout Tower
18:25 Scout Tower
18:30 Scout Tower
18:31 Scout Tower
18:31 Scout Tower
18:32 Scout Tower
18:32 Scout Tower
18:36 Scout Tower
18:37 Scout Tower
18:40 Scout Tower
18:40 Scout Tower
19:25 Guard Tower
19:57 Guard Tower
20:49 Guard Tower
21:28 Guard Tower
22:36 Guard Tower
23:25 Town Hall
23:28 Scout Tower
23:29 Scout Tower
23:29 Scout Tower
23:30 Scout Tower
23:30 Scout Tower
23:31 Scout Tower
23:32 Scout Tower
23:32 Scout Tower
23:33 Scout Tower
23:35 Scout Tower
23:36 Scout Tower
24:10 Arcane Tower
24:10 Guard Tower
24:28 Guard Tower
24:28 Guard Tower
24:28 Guard Tower
24:29 Guard Tower
25:07 Guard Tower
25:21 Guard Tower
25:21 Guard Tower
25:22 Guard Tower
25:26 Scout Tower
25:27 Scout Tower
25:27 Scout Tower
25:28 Scout Tower
25:28 Scout Tower
25:29 Scout Tower
25:30 Scout Tower
25:30 Scout Tower
25:31 Scout Tower
25:32 Scout Tower
26:00 Barracks
26:02 Blacksmith
26:05 Gryphon Aviary
26:11 Guard Tower
27:03 Guard Tower
27:31 Guard Tower
28:23 Guard Tower
28:47 Guard Tower
31:52 Scout Tower
31:53 Scout Tower
31:54 Scout Tower
31:55 Scout Tower
31:56 Scout Tower
33:01 Arcane Tower
33:21 Arcane Tower
35:26 Arcane Tower
35:27 Arcane Tower
35:27 Arcane Tower
35:28 Arcane Tower
36:09 Farm
36:10 Farm
36:11 Scout Tower
36:12 Scout Tower
36:13 Scout Tower
36:14 Scout Tower
36:14 Scout Tower
37:02 Guard Tower
37:02 Guard Tower
37:13 Scout Tower
37:14 Scout Tower
37:19 Scout Tower
37:20 Scout Tower
37:20 Scout Tower
37:21 Scout Tower
37:22 Scout Tower
37:22 Scout Tower
37:23 Scout Tower
37:23 Scout Tower
37:24 Scout Tower
37:24 Scout Tower
37:25 Scout Tower
37:26 Scout Tower
37:26 Scout Tower
37:26 Scout Tower
38:02 Guard Tower
38:12 Guard Tower
38:13 Guard Tower
39:50 Guard Tower
40:08 Guard Tower
40:12 Guard Tower
41:18 Scout Tower
41:18 Scout Tower
42:04 Guard Tower
44:26 Scout Tower
44:28 Scout Tower
44:28 Scout Tower
44:28 Scout Tower
44:29 Scout Tower
44:30 Scout Tower
44:30 Scout Tower
44:30 Scout Tower
44:32 Scout Tower
44:32 Scout Tower
44:33 Scout Tower
45:22 Guard Tower
46:55 Guard Tower
47:47 Guard Tower
48:59 Guard Tower
56:36 Scout Tower
56:37 Scout Tower
56:37 Scout Tower
56:38 Scout Tower
56:38 Scout Tower
56:39 Scout Tower
56:40 Scout Tower
56:40 Scout Tower
56:41 Scout Tower
56:42 Scout Tower
56:51 Scout Tower
56:52 Scout Tower
56:52 Scout Tower
56:53 Scout Tower
56:53 Scout Tower
56:54 Scout Tower
56:54 Scout Tower
56:54 Scout Tower
56:56 Scout Tower
56:56 Scout Tower
56:56 Scout Tower
56:57 Scout Tower
58:26 Guard Tower
59:11 Guard Tower
60:02 Guard Tower
60:09 Workshop
60:50 Guard Tower
60:55 Guard Tower
63:42 Scout Tower
63:43 Scout Tower
63:44 Scout Tower
64:42 Guard Tower
64:55 Scout Tower
64:57 Scout Tower
64:58 Scout Tower
64:58 Scout Tower
64:59 Scout Tower
65:00 Scout Tower
65:01 Scout Tower
65:01 Scout Tower
65:02 Scout Tower
65:02 Scout Tower
72:15 Guard Tower
» items
| Boots of Speed | 4 | |
| Staff of Teleportation | 3 | |
| Lesser Clarity Potion | 1 | |
| Scroll of Regeneration | 2 | |
| Staff of Sanctuary | 4 | |
| Tome of Retraining | 2 | |
16 total
Chat log
(03:59 / All) BEAR_AND: towers don't give xp
(04:14 / All) nickseitzer: lol nope they dont
(04:34 / All) nickseitzer: ud have an awful lot
(05:19 / All) BEAR_AND: lmao
(08:32 / All) nickseitzer: mine
(19:38 / All) nickseitzer: really though? just build nothing but towers?
(19:42 / All) BEAR_AND: why not
(19:54 / All) BEAR_AND: do you like it?
(19:58 / All) nickseitzer: love it
(20:03 / All) BEAR_AND: good shit
(20:07 / All) nickseitzer: lol
(20:22 / All) BEAR_AND: did your DH die to towers
(20:29 / All) nickseitzer: ... nope
(20:32 / All) BEAR_AND: TP?
(20:36 / All) nickseitzer: yep
(20:38 / All) BEAR_AND: lol
(22:18 / All) BEAR_AND: you left a hood of cunning on the ground lol
(22:26 / All) nickseitzer: yep
(22:30 / All) BEAR_AND: are u daft
(22:39 / All) nickseitzer: i have something better
(22:43 / All) BEAR_AND: no you don't
(22:51 / All) nickseitzer: ok
(22:55 / All) nickseitzer: hi
(23:05 / All) nickseitzer: come fight me
(23:08 / All) BEAR_AND: ok
(23:09 / All) BEAR_AND: coming
(23:23 / All) nickseitzer: bet u wont
(23:39 / All) BEAR_AND: i'm coming now
(24:03 / All) nickseitzer: humans are so tough late
(24:35 / All) BEAR_AND: im here now
(26:55 / All) nickseitzer: wow...
(27:01 / All) BEAR_AND: ???
(27:15 / All) nickseitzer: if i could make 6 like i used to, those towers would be smashed quick
(27:21 / All) BEAR_AND: make 6?
(28:28 / All) BEAR_AND: lmao
(30:07 / All) BEAR_AND: lahnahhahaha hi
(34:59 / All) BEAR_AND: hahahahha idiot
(35:05 / All) nickseitzer: me?
(35:08 / All) nickseitzer: lol
(35:10 / All) BEAR_AND: of course
(35:25 / All) nickseitzer: ho build
(35:26 / All) nickseitzer: no skills
(35:32 / All) BEAR_AND: but you're losing
(35:37 / All) nickseitzer: losing?
(35:39 / All) nickseitzer: hows that?'
(35:40 / All) BEAR_AND: so you're worse =-O
(38:35 / All) BEAR_AND: lmao
(38:46 / All) BEAR_AND: another 350 gold
(38:50 / All) nickseitzer: what a ho "I don't have to do anything build
(40:35 / All) BEAR_AND: Owned
(40:40 / All) nickseitzer: hardly
(40:44 / All) nickseitzer: u just suck
(40:47 / All) BEAR_AND: go to hell
(40:48 / All) nickseitzer: so u spam build
(40:51 / All) BEAR_AND: you lose
(40:56 / All) nickseitzer: not really
(40:56 / All) BEAR_AND: bye
(41:00 / All) nickseitzer: I out fought u
(41:07 / All) BEAR_AND: you lost lol!!!
(41:08 / All) nickseitzer: u just spammed
(41:14 / All) BEAR_AND: you're eliminated from this game
(41:19 / All) nickseitzer: ok
(41:23 / All) BEAR_AND: bye
(42:35 / All) BEAR_AND: thx 4 levels
(42:45 / All) BEAR_AND: if you're not having fun you should quit
(42:54 / All) nickseitzer: u might be the worst i've ever played
(42:55 / All) BEAR_AND: it's ok to be bad at video games
(42:59 / All) nickseitzer: lol
(43:02 / All) BEAR_AND: haha and you're losing to me
(43:07 / All) nickseitzer: ok spammer
(43:13 / All) BEAR_AND: ready 2 die?
(43:21 / All) nickseitzer: u wont fight me
(43:23 / All) BEAR_AND: give me a call @ 647-869-9830
(43:25 / All) nickseitzer: u just run, and spam
(43:27 / All) BEAR_AND: let's chat about war3
(43:40 / All) nickseitzer: ... so u can tell me to build towers?
(43:47 / All) nickseitzer: and then pretend I'm good?
(43:48 / All) BEAR_AND: i have lots of advice for you
(43:53 / All) BEAR_AND: you're insanely bad
(43:59 / All) nickseitzer: I don't need your advice
(44:02 / All) nickseitzer: I out leveled
(44:02 / All) BEAR_AND: haha ok
(44:03 / All) nickseitzer: u
(44:07 / All) BEAR_AND: sure
(44:12 / All) BEAR_AND: are you going to win?
(44:13 / All) nickseitzer: built faster
(44:46 / All) nickseitzer: u can spam and pretend u're good all u want. We both know why u do that
(44:49 / All) BEAR_AND: hahaha hippo riders
(44:52 / All) BEAR_AND: you're garbage
(45:44 / All) BEAR_AND: run into towers and tp again hahahaha
(46:00 / All) nickseitzer: u mean ure "HO TOWERS"?
(46:08 / All) BEAR_AND: yes. my ho towers
(46:13 / All) BEAR_AND: what is "ho" btw
(46:15 / All) nickseitzer: or u're "I can't play so I build 90 towers... towers"
(46:21 / All) nickseitzer: it's YOU
(46:28 / All) nickseitzer: Ho = Bear_and
(46:35 / All) BEAR_AND: your "i love to move units into stationary towers and die"
(46:36 / All) BEAR_AND: hahahhaah
(46:42 / All) nickseitzer: I didn't die
(46:52 / All) BEAR_AND: 350 gold in the green bin
(46:53 / All) nickseitzer: every major conflict i've won
(46:57 / All) BEAR_AND: lol ok
(46:58 / All) nickseitzer: except 1
(47:07 / All) nickseitzer: and I killed ure hero before that
(47:12 / All) BEAR_AND: are you a good player
(47:20 / All) nickseitzer: I'm decent
(47:26 / All) BEAR_AND: you're filth lol
(47:31 / All) nickseitzer: a good player would have charged me with tanks by now
(47:41 / All) nickseitzer: instead of spamming towers
(47:43 / All) BEAR_AND: well you're up against a great player
(47:47 / All) nickseitzer: not at all
(47:56 / All) BEAR_AND: are you better than me
(47:59 / All) nickseitzer: yes
(48:03 / All) nickseitzer: I out micro u
(48:05 / All) BEAR_AND: ok let's see you win lol
(48:09 / All) nickseitzer: I can play humans and build towers too
(48:11 / All) BEAR_AND: what's your APM?
(48:16 / All) nickseitzer: u can't micro like me though
(48:26 / All) nickseitzer: I just started a new account
(48:33 / All) BEAR_AND: what's your APM mother fucker
(48:38 / All) nickseitzer: I played long time ago
(48:58 / All) nickseitzer: probably around the time I was ass fucking your mom
(49:05 / All) BEAR_AND: are u mad?
(49:09 / All) BEAR_AND: you sound mad
(49:11 / All) nickseitzer: hardly
(49:14 / All) nickseitzer: I don't get mad
(49:20 / All) BEAR_AND: why not?
(49:32 / All) nickseitzer: If you truly out played me, I'd give u credit
(49:39 / All) BEAR_AND: ok but why don't you get mad?
(49:53 / All) nickseitzer: I've learned self control, I'm grown son
(50:05 / All) BEAR_AND: i see
(50:18 / All) BEAR_AND: have you learned how to kill towers? lol
(50:25 / All) nickseitzer: plus why would I be mad about a game?
(50:33 / All) BEAR_AND: you tell me. you're the mad one
(50:34 / All) nickseitzer: I play to enjoy the battle
(51:03 / All) nickseitzer: ure the guy who presses "A" repeatedly in a game and claims fame
(51:12 / All) BEAR_AND: i'm literally famous for towering
(51:17 / All) BEAR_AND: https://highper.ch/
(51:29 / All) nickseitzer: If you tower rushed me, then I'd give you credit
(52:27 / All) BEAR_AND: where are you from
(52:36 / All) nickseitzer: cincinnati
(52:41 / All) BEAR_AND: i see
(52:57 / All) BEAR_AND: spirit homecare?
(53:00 / All) nickseitzer: n u ?
(53:05 / All) BEAR_AND: toronto
(53:12 / All) nickseitzer: yes, spirit homecare
(53:18 / All) nickseitzer: are you stalking me now? lol
(53:27 / All) nickseitzer: that's the medical office I manage
(53:36 / All) BEAR_AND: nah i just searched google
(53:45 / All) nickseitzer: i see
(53:55 / All) nickseitzer: didn't know my name was associated there
(54:09 / All) BEAR_AND: nbd. that's cool
(54:21 / All) BEAR_AND: it's good for you that you found work even though you're terrible at war3
(54:26 / All) nickseitzer: lol
(54:44 / All) nickseitzer: I'll be terrible instead of spamming any day
(54:49 / All) BEAR_AND: that's the spirit
(54:57 / All) nickseitzer: wa wa
(55:00 / All) BEAR_AND: if you hate towers that's fine
(55:11 / All) nickseitzer: it's not that I hate the towers
(55:11 / All) BEAR_AND: just acknowledge your 40apm garbage noob self
(55:25 / All) nickseitzer: it's more I hate the concept of any game where one guy does 1 thing
(55:28 / All) nickseitzer: and claims fame
(55:37 / All) nickseitzer: instead of using skills to win
(55:43 / All) BEAR_AND: you understand that towers don't move right?
(55:51 / All) nickseitzer: mine do
(55:53 / All) BEAR_AND: just kill my towers and heroes. you'll win no problem
(57:04 / All) BEAR_AND: the final goldmine
(57:10 / All) BEAR_AND: slurp it up
(58:01 / All) nickseitzer: I will make u earn this
(58:03 / All) nickseitzer: believe that
(58:05 / All) BEAR_AND: lol
(58:15 / All) BEAR_AND: i already won. its cool
(58:46 / All) BEAR_AND: ah siege. delicious
(58:48 / All) BEAR_AND: lets have it
(60:24 / All) nickseitzer: :}
(60:30 / All) BEAR_AND: >:-}
(60:32 / All) nickseitzer: should I build 40 more?
(60:35 / All) BEAR_AND: yes
(60:42 / All) nickseitzer: lol
(62:57 / All) BEAR_AND: seems like youre having trouble
(63:09 / All) BEAR_AND: what happened to your siege?
(63:29 / All) BEAR_AND: bye
(63:43 / All) nickseitzer: the towers
(63:46 / All) nickseitzer: not the skilsl
(63:48 / All) BEAR_AND: lol
(63:48 / All) nickseitzer: no skills
(63:51 / All) nickseitzer: just towers
(63:53 / All) BEAR_AND: you're walking into them idiot
(64:05 / All) nickseitzer: ure running to them idiot
(64:39 / All) BEAR_AND: sorry dude you're mad
(64:42 / All) nickseitzer: I take pride in knowing that you have to do that to win
(64:52 / All) BEAR_AND: you hate to lose i guess
(64:56 / All) nickseitzer: instead of playing
(65:05 / All) nickseitzer: I don't mind losing to a spammer
(65:09 / All) nickseitzer: only to real players
(65:10 / All) BEAR_AND: ok bye
(65:16 / All) nickseitzer: again
(65:21 / All) nickseitzer: u will have to earn this one
(65:22 / All) BEAR_AND: you're garbage
(65:30 / All) BEAR_AND: tp out of towers again
(65:35 / All) BEAR_AND: 6th time?
(65:38 / All) nickseitzer: come fight me at my towers
(65:41 / All) nickseitzer: loser
(65:43 / All) BEAR_AND: ok lol
(65:47 / All) nickseitzer: u wont
(65:49 / All) nickseitzer: u'll die
(66:48 / All) nickseitzer: run!
(66:53 / All) BEAR_AND: cya
(67:11 / All) nickseitzer: u better run
(67:59 / All) BEAR_AND: Now Playing: Timber Timbre - Run From Me
(68:21 / All) BEAR_AND: yea dude. spend money on repairing weklls
(69:06 / All) BEAR_AND: thd
(69:07 / All) BEAR_AND: thx
(69:11 / All) nickseitzer: gay
(69:12 / All) nickseitzer: runner
(69:15 / All) BEAR_AND: "gay"?
(69:22 / All) nickseitzer: homo
(69:24 / All) BEAR_AND: lol
(69:25 / All) nickseitzer: = you
(69:34 / All) BEAR_AND: sounds good
(69:45 / All) nickseitzer: the truth always sounds good
(69:59 / All) BEAR_AND: lol
(70:14 / All) BEAR_AND: you're pretty mad...
(70:20 / All) nickseitzer: lol, u wish
(70:33 / All) BEAR_AND: i mean you're mad enough to call me "homo"
(70:44 / All) nickseitzer: I call people homo when I'm happy
(70:49 / All) BEAR_AND: cute
(70:51 / All) nickseitzer: and sulking
(70:59 / All) nickseitzer: and sorta sad
(71:47 / All) BEAR_AND: cya lol
(72:31 / All) BEAR_AND: so what's cincinatti like
(72:39 / All) nickseitzer: it's okay
(72:46 / All) nickseitzer: conservative
(72:46 / All) BEAR_AND: i've been to cleveland
(72:51 / All) BEAR_AND: similar?
(72:51 / All) nickseitzer: like all of ohio
(72:57 / All) nickseitzer: I guess
(73:02 / All) nickseitzer: not as ghetto
(73:06 / All) nickseitzer: except downton
(73:11 / All) nickseitzer: downtown*
(74:19 / All) nickseitzer: mm hmm
(74:27 / All) BEAR_AND: i love towers
(74:41 / All) nickseitzer: that's apparent
(77:34 / All) BEAR_AND: lose more units to towers lol
(78:10 / All) BEAR_AND: bye idiot
(78:15 / All) nickseitzer: again
(78:18 / All) nickseitzer: u'll earn it
(78:37 / All) BEAR_AND: looks like i just did haha
(81:51 / All) BEAR_AND: hehe
(84:18 / All) BEAR_AND: }
(84:20 / All) BEAR_AND: lol
(85:34 / All) BEAR_AND: hehe
(85:39 / All) nickseitzer: see now u must fight
(86:27 / All) BEAR_AND: nick
(86:33 / All) BEAR_AND: how do you feel right now
(86:34 / All) nickseitzer: sup?
(86:43 / All) nickseitzer: like I'm playing a spammer
(86:51 / All) BEAR_AND: but how does that make you feel?
(86:58 / All) nickseitzer: I'm actually used to it
(87:02 / All) nickseitzer: I play many games
(87:06 / All) BEAR_AND: ok do you feel confident
(87:13 / All) nickseitzer: and run into people eveywhere who just learn a ho move
(87:18 / All) nickseitzer: instead of getting good
(87:27 / All) BEAR_AND: i guess you usually lose to it?
(87:37 / All) nickseitzer: depends on the ho move
(87:42 / All) BEAR_AND: Wins 10, Losses 14
(87:51 / All) nickseitzer: that's because my son plays too
(87:57 / All) BEAR_AND: hahahhaa
(87:57 / All) nickseitzer: I was once over 2000 wins
(88:05 / All) nickseitzer: look at my account start date
(88:10 / All) nickseitzer: like a month ago
(88:12 / All) BEAR_AND: how do i do that
(88:14 / All) nickseitzer: I've been playing since war2
(88:27 / All) nickseitzer: actually war1
(88:35 / All) BEAR_AND: ok nick. how do i verify that
(88:43 / All) nickseitzer: u don't
(88:50 / All) BEAR_AND: ok cool. noob
(88:52 / All) nickseitzer: the fact i've played 24 games lifetime
(88:55 / All) nickseitzer: should say something
(89:01 / All) BEAR_AND: yeah you're bad as hell
(89:11 / All) nickseitzer: and a guy that has only played 24 games shouldn't hold u off for hours
(89:25 / All) BEAR_AND: its cool i've only played 26 games
(89:28 / All) nickseitzer: lol
(90:11 / All) nickseitzer: it's pretty much a stalemate
(90:15 / All) BEAR_AND: nah i won
(90:24 / All) nickseitzer: no u didn't
(90:28 / All) BEAR_AND: haha ok
(90:44 / All) nickseitzer: even if u do, YOU didn't win
(90:48 / All) nickseitzer: spamming towers won
(90:54 / All) nickseitzer: an 8 year old kid could do that
(90:55 / All) BEAR_AND: lol you lost to towers
(90:58 / All) BEAR_AND: they don't move hahaha
(91:01 / All) nickseitzer: I can live with that
(91:06 / All) BEAR_AND: cool. cya
(91:19 / All) nickseitzer: now... actually outplaying me? that would get irk me
(91:27 / All) nickseitzer: you sir, can't and haven't
(91:30 / All) BEAR_AND: sounds like you're mad
(91:37 / All) nickseitzer: so mad
(91:40 / All) nickseitzer: furious
(91:42 / All) nickseitzer: omg
(91:58 / All) nickseitzer: i've got all night
(92:00 / All) nickseitzer: ure move
(92:04 / All) BEAR_AND: perfect
(92:05 / All) BEAR_AND: me too
(92:54 / All) BEAR_AND: got any good beer in cincinatti?
(92:59 / All) nickseitzer: very
(93:03 / All) nickseitzer: german town
(93:11 / All) BEAR_AND: so lots of lagers?
(93:25 / All) nickseitzer: Hofbrauhaus
(93:32 / All) nickseitzer: they brew it right here
(93:35 / All) BEAR_AND: yeah but what kind of beer?
(93:42 / All) nickseitzer: all kinds
(93:48 / All) nickseitzer: lager, dunkel, ale, wheat
(93:56 / All) BEAR_AND: nice.
(94:51 / All) nickseitzer: I'm surprised the towers take away my invinicibility pots
(94:56 / All) BEAR_AND: ?
(95:00 / All) nickseitzer: or i'd spam the hell out of them
(95:06 / All) BEAR_AND: they don't lol
(95:14 / All) nickseitzer: oh, I guess they just don't last long
(97:37 / All) BEAR_AND: good plays
(97:51 / All) nickseitzer: eh, the 3 guys combined are almost invincible
(97:58 / All) BEAR_AND: only when you're bad
(97:58 / All) nickseitzer: I know u know that
(98:09 / All) nickseitzer: yeah.. even when you're bad
(98:12 / All) nickseitzer: and u r
(98:15 / All) BEAR_AND: keep in mind you have an army
(98:19 / All) BEAR_AND: and i have only heroes
(98:22 / All) nickseitzer: again.. an 8 year old can do that
(98:38 / All) nickseitzer: i have
(99:11 / All) BEAR_AND: you have what
(99:22 / All) nickseitzer: I have seen this build many times
(99:31 / All) BEAR_AND: hahah and you still suck shit
(99:36 / All) nickseitzer: guys who can't micro use it
(99:50 / All) BEAR_AND: looks like you're getting outmicro'd
(99:56 / All) nickseitzer: typically I have to get to them early game, or they are OP
(100:53 / All) BEAR_AND: another couple dead blue units
(101:00 / All) nickseitzer: weeeak
(101:08 / All) BEAR_AND: mad baby
(101:46 / All) nickseitzer: i didn't like him anyway
(101:50 / All) nickseitzer: he smelled funny
(104:44 / All) BEAR_AND: nick did you buy a periapt lol
(104:56 / All) nickseitzer: found 2
(105:00 / All) BEAR_AND: ok whew
(106:06 / All) BEAR_AND: lol
(107:00 / All) BEAR_AND: cya
(109:39 / All) BEAR_AND: 11 APs lol
(109:48 / All) nickseitzer: merked
(109:50 / All) nickseitzer: ure hero
(109:51 / All) BEAR_AND: usually a "last stand" like this is considerable
(109:54 / All) nickseitzer: like a bitch
(110:04 / All) nickseitzer: when u can be invincible
(110:09 / All) nickseitzer: and teleport at will
(110:13 / All) nickseitzer: it's pretty tough
(110:17 / All) BEAR_AND: you're bad
(110:21 / All) BEAR_AND: it's ok
(110:26 / All) BEAR_AND: keep playing
(110:30 / All) nickseitzer: you're mother tells me that tooo
(110:38 / All) nickseitzer: I smack her on the ass a lil harder
(110:56 / All) BEAR_AND: cool
(110:58 / All) BEAR_AND: are you mad?
(111:08 / All) nickseitzer: lol
(111:54 / All) nickseitzer: this is a beast last stand
(111:58 / All) nickseitzer: u can't stop it
(112:03 / All) BEAR_AND: lol sure
(112:04 / All) nickseitzer: it will take u hours
(113:54 / All) nickseitzer: scraped
(114:14 / All) BEAR_AND: are you going to rebuild those units haha
(115:04 / All) nickseitzer: I would crush you 1 on 1 right now
(115:07 / All) nickseitzer: u know it
(115:09 / All) nickseitzer: i know it
(115:13 / All) BEAR_AND: we're playing 1 on 1 right this second hahahah
(115:29 / All) nickseitzer: no, we're playing u run away
(115:33 / All) nickseitzer: back to your ho towers
(115:38 / All) BEAR_AND: are you mad?
(115:47 / All) BEAR_AND: you sound mad
(115:54 / All) nickseitzer: are you
(117:25 / All) BEAR_AND: more units dead......this isn't sustainable for you
(117:44 / All) nickseitzer: You could've played 10 games in this time
(117:47 / All) nickseitzer: and ho towered them too
(117:54 / All) BEAR_AND: i've having plenty of fun with you thanks
(117:58 / All) nickseitzer: since I know you have absolutely no other strategies
(118:04 / All) nickseitzer: this is all you are capable of
(118:13 / All) BEAR_AND: bye
(119:08 / All) BEAR_AND: gg. bye
(119:20 / All) nickseitzer: have a good night :}
(119:24 / All) nickseitzer: I'm going to bed
(119:29 / All) nickseitzer: enjoy
(119:29 / All) BEAR_AND: owned
(119:34 / All) BEAR_AND: https://highper.ch/
(119:36 / All) nickseitzer: spammed
(120:04 / All) nickseitzer: finally, if you actually out played me I'd tip my hat to you
(120:07 / All) nickseitzer: you didn't
(120:11 / All) nickseitzer: good night
(120:47 / All) BEAR_AND: lol
(120:58 / All) BEAR_AND: being angry is bad for you
(121:03 / All) BEAR_AND: your blood pressure etc
(125:00 / All) BEAR_AND: bye nick
(126:18 / All) BEAR_AND: lol
(128:25 / All) BEAR_AND: https://highper.ch/ for more tower replas
(128:34 / All) BEAR_AND: sad babies and bad children
(128:48 / All) BEAR_AND: doesn't get better than this! cya
(132:19 / All) BEAR_AND: lol